AoeStats
← Rebi69

Arabian Desert

508852690Analyzed
1v1 RM · 8d ago on Sep 24, 2026· 23m 44s· 2 players
Game mode
Random Map
Map size
Tiny (2 player)
Population
200
Speed
Normal
Resources
Standard
Victory
Conquest
Starting age
Dark Age
Ending age
Imperial Age
RankedLock teamsTeams togetherTeam positionsShared explorationLock speedFull tech treeHidden civsTurbo modeCheats
Victory
Defeat
🇫🇷 Berbers · France
1115
+17
🇦🇷 Vietnamese · Argentina
1130
-17
Rebi69
4:48 Loom
9:54 Feudal Age
10:41 Double-Bit Axe
14:59 Horse Collar
17:18 Bloodlines
17:24 Scale Barding Armor
17:29 Forging
24:30 Castle Age
EGIRR
6:17 Loom
9:03 Feudal Age
9:52 Double-Bit Axe
18:31 Fletching
Connection lost

Rejoining the realm…

Still unreachable

The connection could not be restored.

Session expired

The server has moved on; the page needs a fresh start.